 Dungeon Crawl Stone Soup version 0.29.1-15-g9cfb28693d (webtiles) character file.

Game seed: 612795953868573758

2 FaviusArthum the Trooper (level 1, -1/18 HPs)
             Began as a Formicid Abyssal Knight on Dec 8, 2023.
             Was a Believer of Lugonu.
             Slain by a jackal (3 damage)
             ... on level 1 of the Dungeon.
             The game lasted 00:00:52 (309 turns).

FaviusArthum the Trooper (Formicid Abyssal Knight)   Turns: 309, Time: 00:00:52

Health: -1/18      AC:  3    Str: 17    XL:     1   Next: 33%
Magic:  2/2        EV: 11    Int:  9    God:    Lugonu [**....]
Gold:   0          SH:  0    Dex: 14    Spells: 0/0 levels left

rFire   . . .      SeeInvis +   a - +1 hand axe
rCold   . . .      Faith    .   (no shield)
rNeg    . . .      Spirit   .   b - +0 leather armour
rPois   .          Reflect  .   (helmet unavailable)
rElec   .          Harm     .   (no cloak)
rCorr   .          Rampage  .   (no gloves)
Will    .....                   (no boots)
Stlth   +.........              (no amulet)
HPRegen 0.06/turn               (no ring)
MPRegen 0.08/turn               (no ring)

@: no status effects
A: permanent stasis, dig shafts and tunnels, antennae 3, four strong arms
a: Dig, Shaft Self, Renounce Religion, Depart the Abyss, Bend Space


You were on level 1 of the Dungeon.
You worshipped Lugonu.
Lugonu was pleased with you.
You visited 1 branch of the dungeon, and saw 1 of its levels.
You visited the Abyss 1 time.

Inventory:

Hand Weapons
 a - a +1 hand axe (weapon)
Armour
 b - a +0 leather armour (worn)


   Skills:
 + Level 3.3 Fighting
 + Level 2.0 Axes
 + Level 2.2 Armour
 + Level 0.8 Dodging
 + Level 2.2 Invocations


You couldn't memorise any spells.
You didn't know any spells.
Your spell library was empty.

Dungeon Overview and Level Annotations

Branches:
Dungeon (1/15)

Altars:


Innate Abilities, Weirdness & Mutations

You cannot be hasted, slowed, berserked, paralysed or teleported.
You can dig through walls and to a lower floor.
You have a pair of large antennae on your head. (SInv)
Your four strong arms can wield two-handed weapons with a shield.


Message History

You hit the bat.
You kill the bat!
Lugonu accepts your kill. The hobgoblin misses you.
You hit the hobgoblin but do no damage.
The hobgoblin is lightly wounded.
You hit the jackal. The jackal closely misses you.
The hobgoblin closely misses you. The jackal completely misses you.
You hit the hobgoblin.
You kill the hobgoblin!
Lugonu accepts your kill.
You hit the jackal but do no damage. The jackal barely misses you. x2
You see here a hobgoblin corpse.
The jackal attacks as you move away!
The jackal bites you but does no damage.
A jackal comes into view.
The jackal barks!
A jackal comes into view.
The jackal closely misses you.
The jackal barks!
The jackal attacks as you move away! The jackal barely misses you.
A rat comes into view.
The jackal misses you.
Found a scroll of immolation.
Found a faded altar of an unknown god.
The jackal closely misses you. The jackal attacks as you move away!
The jackal barely misses you. x2
Found a ring mail.
The rat bites you.
* * * LOW HITPOINT WARNING * * *
The jackal closely misses you.
A quokka comes into view.
The jackal bites you.
* * * LOW HITPOINT WARNING * * *
The rat attacks as you move away! The rat bites you but does no damage.
The rat attacks as you move away! The rat completely misses you.
A ball python comes into view.
The jackal attacks as you move away! The jackal barely misses you.
The rat attacks as you move away! The rat misses you.
The ball python hisses angrily.
You hear a shout!
The jackal bites you.
You die...

#.[#...#......
........_....#.#
#.......#.....#
..........#..# .
{#...........# #..
##...r..###.#
#....#.#r.h......#
#...@hhhg.....#
..S.###..###....##
# ##.###....#
#...#....#
#........#
.....#....# .
#..####†#...###
..## #.###.h.. #
#†# ..#..


You could see a quokka, 4 jackals, a goblin, a ball python and a rat.

Vanquished Creatures
  A hobgoblin (D:1)
  A bat (D:1)
2 creatures vanquished.

Notes
Turn   | Place    | Note
-------+----------+-------------------------------------------
     0 | Abyss:1  | FaviusArthum the Formicid Abyssal Knight began the quest
                  | for the Orb.
     0 | Abyss:1  | Reached XP level 1. HP: 18/18 MP: 2/2
   245 | Abyss:1  | Noticed a starcursed mass
   246 | D:1      | Escaped the Abyss
   302 | D:1      | Found a faded altar of an unknown god.
   309 | D:1      | Slain by a jackal

Illustrated notes

Levels and vault maps discovered:
D:1:      amcnicky_arrival_double_pillar, layout_rooms,
          hellmonk_ecumenical_altar_blasted, st_stairs_5,
          nicolae_figureground_sparkle

Action                   || total
-------------------------++-------
Melee: Hand axe          ||     4
Armor: Leather armour    ||    14
Dodge: Dodged            ||    32
